 Dungeon Crawl Stone Soup version 0.28.0-53-g5a82cb258f (webtiles) character file.

Game seed: 4631805365643946169

214 issech the Bolt Thrower (level 5, 0/45 HPs)
             Began as a Minotaur Hunter on May 21, 2022.
             Slain by a sky beast (5 damage)
             ... on level 1 of the Dungeon.
             The game lasted 00:10:11 (2888 turns).

issech the Bolt Thrower (Minotaur Hunter)           Turns: 2888, Time: 00:10:12

Health: 0/45       AC:  7    Str: 17    XL:     5   Next: 59%
Magic:  4/4        EV: 11    Int:  8    God:
Gold:   114        SH:  0    Dex: 12    Spells: 4/4 levels left

rFire   + . .      SeeInvis .   g - +0 halberd
rCold   . . .      Faith    .   (shield currently unavailable)
rNeg    . . .      Spirit   .   A - +2 ring mail {rF+}
rPois   .          Reflect  .   c - +0 hat
rElec   .          Harm     .   (no cloak)
rCorr   .          Rampage  .   (no gloves)
Will    .....                   (no boots)
Stlth   +.........              (no amulet)
HPRegen 0.15/turn               (no ring)
MPRegen 0.09/turn               (no ring)

@: no status effects
A: horns 2, retaliatory headbutt
a: no special abilities


You were on level 1 of the Dungeon.
You visited 1 branch of the dungeon, and saw 3 of its levels.

You collected 114 gold pieces.

Inventory:

Hand Weapons
 a - a +1 hand crossbow
 b - a +0 whip
 g - a +0 halberd (weapon)
 k - a +0 whip
 m - a +0 hunting sling
 n - a +0 hand axe
Missiles
 d - 9 bolts
 h - 2 boomerangs (quivered)
 j - 45 stones
Armour
 c - a +0 hat (worn)
 i - a +0 ring mail
 q - a +0 leather armour
 u - a +0 leather armour
 A - a +2 ring mail of fire resistance (worn)
Scrolls
 e - a scroll of identify {unknown}
 f - a scroll of noise {unknown}
 l - 2 scrolls of vulnerability {unknown}
 r - a scroll of teleportation {unknown}
 G - 2 scrolls of summoning {unknown}
Potions
 o - 2 potions of degeneration {unknown}
 p - a potion of curing {unknown}


   Skills:
 + Level 3.2 Fighting
 + Level 1.4 Maces & Flails
 + Level 0.9 Polearms
 + Level 6.2 Crossbows
 + Level 1.1 Throwing
 + Level 2.1 Armour
 + Level 2.5 Dodging
 + Level 1.0 Stealth


You had 4 spell levels left.
You didn't know any spells.
Your spell library contained the following spells:

 Spells                   Type           Power      Damage    Failure   Level
 Magic Dart               Conj           0%         1d3       61%         1
 Shock                    Conj/Air       0%         1d3       61%         1
 Call Imp                 Summ           0%         N/A       75%         2
 Mephitic Cloud           Conj/Pois/Air  0%         N/A       93%         3
 Swiftness                Air            0%         N/A       93%         3
 Airstrike                Air            0%         N/A       100%        4


Dungeon Overview and Level Annotations

Branches:
Dungeon (3/15)

Altars:
Wu Jian


Innate Abilities, Weirdness & Mutations

You have a pair of horns on your head.
You reflexively headbutt those who attack you in melee.


Message History

Something hits you but does no damage.
Deactivating autopickup; reactivate with Ctrl-A.
Items here: )))).
Something hits you. Something shocks you.
There is a stone staircase leading up here.
You can't go down here!
Something hits you but does no damage.
You climb upwards.
Reactivating autopickup.
There is a stone staircase leading down here.
Deactivating autopickup; reactivate with Ctrl-A.
You slash something! Your headbutt misses something. Something hits you.
Something shocks you.
* * * LOW HITPOINT WARNING * * *
You miss something. Your headbutt misses something.
Something hits you but does no damage.
A sky beast appears from thin air!
Reactivating autopickup.
The sky beast hits you but does no damage.
You barely miss the sky beast. Your headbutt misses the sky beast.
The sky beast is heavily wounded.
The sky beast hits you but does no damage.
You barely miss the sky beast.
The sky beast is heavily wounded.
The sky beast flickers out of sight!
Deactivating autopickup; reactivate with Ctrl-A.
Something barely misses you.
A sky beast appears from thin air!
Reactivating autopickup.
The sky beast hits you.
* * * LOW HITPOINT WARNING * * *
The sky beast shocks you.
* * * LOW HITPOINT WARNING * * *
You miss the sky beast. You headbutt the sky beast.
The sky beast is heavily wounded.
The sky beast barely misses you.
You hit the sky beast.
The sky beast is severely wounded.
The sky beast hits you.
* * * LOW HITPOINT WARNING * * *
The sky beast shocks you.
You die...

####### ### #...@Y#
######.#####.###.#
#............# #.#
#.##.#.#####.###.#
#.#.###.####.....#########
##..## ##.................#
.#.#.###.........########.#
.#.##.#.#####.#.## #.#
.#.###..### #.#.# #.#


You could see a sky beast.

Vanquished Creatures
  Natasha (thrice) (D:3)
  Robin (D:2)
  3 gnolls
  2 adders (D:3)
  A worm (D:2)
  4 dart slugs
  4 orcs (D:3)
  4 bats (D:1)
  7 endoplasms
  2 giant cockroaches
  11 goblins
  5 hobgoblins
  4 jackals (D:1)
  2 quokkas (D:3)
  6 ball pythons
  2 frilled lizards (D:2)
  5 kobolds
  2 rats
68 creatures vanquished.

Notes
Turn   | Place    | Note
-------+----------+-------------------------------------------
     0 | D:1      | issech the Minotaur Hunter began the quest for the Orb.
     0 | D:1      | Reached XP level 1. HP: 18/18 MP: 0/0
    16 | D:1      | Found a faded altar of an unknown god.
   291 | D:1      | Reached XP level 2. HP: 25/25 MP: 1/1
   317 | D:1      | Reached skill level 5 in Crossbows
   789 | D:2      | Reached XP level 3. HP: 30/30 MP: 2/2
   873 | D:2      | Found an ornate altar of the Wu Jian Council.
  1051 | D:2      | Noticed Robin
  1057 | D:2      | Killed Robin
  1620 | D:3      | Reached XP level 4. HP: 31/37 MP: 3/3
  1821 | D:2      | Reached skill level 6 in Crossbows
  2140 | D:3      | Noticed Natasha
  2144 | D:3      | Killed Natasha
  2145 | D:3      | Reached skill level 1 in Maces & Flails
  2179 | D:3      | Reached skill level 1 in Armour
  2179 | D:3      | Reached XP level 5. HP: 20/45 MP: 4/4
  2325 | D:3      | Noticed Natasha
  2354 | D:3      | Killed Natasha
  2594 | D:3      | Reached skill level 1 in Throwing
  2652 | D:3      | Noticed Natasha
  2659 | D:3      | Killed Natasha
  2660 | D:3      | Reached skill level 1 in Stealth
  2813 | D:3      | Noticed a sky beast
  2888 | D:1      | Slain by a sky beast

Illustrated notes

Levels and vault maps discovered:
D:1:      doesnt_arrival_eight_statues, layout_loops_ring,
          ebering_ecumenical_altar_hall, glass_columns_a
D:2:      layout_basic, basic_altar, uniq_robin
D:3:      layout_loops_ring, uniq_natasha

Skill      XL: |  1  2  3  4  5 |
---------------+----------------+-----
Crossbows      | 5 6 |  6.2
Fighting       | 3 |  3.2
Maces & Flails | 1 |  1.4
Armour         | 1 2 |  2.1
Throwing       | 1 |  1.1
Stealth        | 1 |  1.0
Polearms       | |  0.9
Dodging        | |  2.5

Action                   |  1- 3 |  4- 6 || total
-------------------------+-------+-------++-------
Melee: Whip              |    20 |    20 ||    40
       Headbutt          |     3 |     8 ||    11
       Halberd           |       |    52 ||    52
 Fire: Hand crossbow     |    65 |     4 ||    69
Throw: Boomerang         |     9 |    16 ||    25
Armor: Leather armour    |     4 |       ||     4
       Ring mail         |    11 |    39 ||    50
Dodge: Dodged            |    23 |    41 ||    64
